 Dungeon Crawl Stone Soup version 0.31-a0-361-g0f8bd3a31e (webtiles) character file.

Game seed: 9653303392023397913

284 BritishOli the Trooper (level 6, 48/48 HPs)
             Began as a Demonspawn Fighter on July 27, 2023.
             Got out of the dungeon alive.
             The game lasted 00:02:10 (2027 turns).

BritishOli the Trooper (Demonspawn Fighter)         Turns: 2027, Time: 00:02:10

Health: 48/48      AC:  9    Str: 19    XL:     6   Next: 7%
Magic:  6/6        EV:  9    Int:  9    God:
Gold:   151        SH:  5    Dex: 12    Spells: 5/5 levels left

rFire   . . .        a - +0 war axe
rCold   . . .        c - +0 buckler
rNeg    . . .        b - +0 scale mail
rPois   .            (no helmet)
rElec   .            (no cloak)
rCorr   .            (no gloves)
SInv    .            (no boots)
Will    .....        g - amulet of regeneration Stlth
                     (no ring)
HPRegen 1.08/turn    (no ring)
MPRegen 0.10/turn

%: no passive effects
@: no status effects
A: icy blue scales 1, ignite blood 1, demonic touch 2
a: no special abilities


You escaped.
You visited 1 branch of the dungeon, and saw 3 of its levels.

You collected 151 gold pieces.

Inventory:

Hand Weapons
 a - a +0 war axe (weapon)
Armour
 b - a +0 scale mail (worn)
 c - a +0 buckler (worn)
Jewellery
 g - an amulet of regeneration (around neck)
 h - an amulet of faith
 q - a ring of wizardry
Scrolls
 e - 3 scrolls of identify {unknown}
 f - 2 scrolls of vulnerability {unknown}
 i - a scroll of fear {unknown}
 k - a scroll of immolation {unknown}
 l - a scroll of teleportation {unknown}
Potions
 d - 2 potions of might
 j - a potion of resistance {unknown}
 m - 2 potions of heal wounds {unknown}
 n - a potion of haste {unknown}
 o - a potion of lignification {unknown}
 p - a potion of curing {unknown}


   Skills:
 + Level 4.2 Fighting
 + Level 3.2 Axes
 + Level 3.8 Armour
 + Level 3.9 Shields


You had 5 spell levels left.
You didn't know any spells.
Your spell library contained the following spells:

 Spells                   Type           Power      Damage    Failure   Level
 Gell's Gravitas          Tloc           0%         N/A       99%         3
 Teleport Other           Tloc           0%         N/A       99%         3
 Dispersal                Tloc           0%         N/A       100%        6


Dungeon Overview and Level Annotations

Branches:
Dungeon (3/15)

Altars:
Dithmenos
Uskayaw

Shops:
D:1 *


Innate Abilities, Weirdness & Mutations

You are partially covered in icy blue scales. (AC +2)
Your demonic aura sometimes causes spilled blood to erupt in flames.
Your touch may inflict irresistible damage on your foes.


Message History

A kobold brigand is nearby!
You completely miss the kobold brigand. The kobold brigand closely misses you.
A kobold brigand is nearby!
You barely miss the kobold brigand.
The kobold brigand hits you but does no damage.
You block the kobold brigand's attack.
You barely miss the kobold brigand.
The kobold brigand hits you but does no damage.
You closely miss the kobold brigand.
The kobold brigand hits you but does no damage.
You closely miss the kobold brigand.
The kobold brigand hits you but does no damage. x2
You hit the kobold brigand but do no damage.
The kobold brigand closely misses you.
You hit the kobold brigand.
The kobold brigand is lightly wounded.
The kobold brigand is engulfed in blazing flames.
You block the kobold brigand's attack.
You slash the kobold brigand!
You kill the kobold brigand!
You have reached level 6!
Your demonic ancestry asserts itself...
Your hands glow brighter with unholy energy.
There is an open door here.
You see here a +0 club.
There is a large open door here.
You enter the shallow water.
Moving in this stuff is going to be slow.
There is an open door here.
There is a stone staircase leading up here.
You climb upwards.
There is a stone staircase leading down here.
(D) Dungeon
Where to? (Enter - D:3 @ (x,y), ? - help)
There is a stone staircase leading up here.
You climb upwards.
There is a stone staircase leading down here.
There is a staircase leading out of the dungeon here.
Are you sure you want to leave the Dungeon?
This will make you lose the game!
You have escaped!

....## #.# #..# ....#
##.## ##.### ##### #...#
### #...# # #...# #>#
###.# # #####...# #.# #.#
# #.......# #.# #.# ##
#.......###'#### #.#
.######.......#......# #.#
.##...........#.@....###.#
.......#####'##..........#
....[..# #.##......#####
....)..# #.##.....##
.[...### #.##....## .....#
#.##.....## .....#
#.##......## .....#
#.##..##...## .....#
#.###.###...##


There were no monsters in sight!

Vanquished Creatures
  2 kobold brigands (D:3)
  2 gnolls (D:3)
  3 adders
  3 dart slugs
  2 orcs (D:3)
  5 endoplasms
  4 giant cockroaches
  8 hobgoblins
  4 jackals (D:1)
  6 quokkas
  6 ball pythons
  7 bats
  3 frilled lizards
  5 goblins
  28 kobolds
  3 rats (D:1)
91 creatures vanquished.

Notes
Turn   | Place    | Note
-------+----------+-------------------------------------------
     0 | D:1      | BritishOli the Demonspawn Fighter began the quest for the
                  | Orb.
     0 | D:1      | Reached XP level 1. HP: 18/18 MP: 1/1
   149 | D:1      | Gained mutation: Your touch may inflict minor irresistible
                  | damage on your foes. [demonic ancestry]
   149 | D:1      | Reached XP level 2. HP: 21/24 MP: 2/2
   284 | D:1      | Found Efoiwunku's Assorted Antiques.
   373 | D:1      | Gained mutation: You are partially covered in icy blue
                  | scales. (AC +2) [demonic ancestry]
   373 | D:1      | Reached XP level 3. HP: 17/29 MP: 3/3
   973 | D:2      | Reached XP level 4. HP: 32/35 MP: 4/4
  1160 | D:3      | Found a faded altar of an unknown god.
  1215 | D:3      | Found a hide-covered altar of Uskayaw.
  1319 | D:3      | Found a shadowy altar of Dithmenos.
  1696 | D:3      | Noticed a kobold brigand
  1705 | D:3      | Killed a kobold brigand
  1706 | D:3      | Reached skill level 4 in Fighting
  1706 | D:3      | Gained mutation: Your demonic aura sometimes causes spilled
                  | blood to erupt in flames. [demonic ancestry]
  1706 | D:3      | Reached XP level 5. HP: 39/42 MP: 5/5
  1869 | D:3      | Gained mutation: Your touch may inflict irresistible damage
                  | on your foes. [demonic ancestry]
  1869 | D:3      | Reached XP level 6. HP: 48/48 MP: 6/6
  2027 | D:$      | Got out of the dungeon alive.

Illustrated notes

Levels and vault maps discovered:
D:1:      elethiomel_arrival_shortcut, layout_basic, serial_shops,
          nicolae_shop_waterfront
D:2:      layout_rooms
D:3:      minmay_goblin_kobold_castle, layout_basic,
          nicolae_dithmenos_shadow_blocks,
          nicolae_uskayaw_murder_on_the_dancefloor, nicolae_ecumenical_pavilion

Skill      XL: |  1  2  3  4  5 |
---------------+----------------+-----
Axes           | 2 3 |  3.2
Armour         | 3 |  3.8
Shields        | 3 |  3.9
Fighting       | 4 |  4.2

Action                     |  1- 3 |  4- 6 || total
---------------------------+-------+-------++-------
  Melee: War axe           |   103 |   113 ||   216
 Armour: Scale mail        |    53 |    64 ||   117
  Dodge: Dodged            |    50 |    55 ||   105
  Block: Buckler           |    25 |    30 ||    55

Table legend: (Time is in decaauts)
 A = Elapsed time spent in this place.
 B = Non-inter-level travel time spent in this place.
 C = Inter-level travel time spent in this place.
 D = Time resting spent in this place.
 E = Time spent auto-exploring this place.
 F = Levels seen in this place.
 G = Mean time per level.
                   A        B        C        D        E       F      G
               +--------+--------+--------+--------+--------+-----+--------+
         Total |   2118 |   1900 |    218 |      0 |   1366 |   3 |  706.0 |
       Dungeon |   2118 |   1900 |    218 |      0 |   1366 |   3 |  706.0 |
               +--------+--------+--------+--------+--------+-----+--------+

Top non-repeatable levels by time:
     D:3: 842 daAuts
     D:1: 788 daAuts
     D:2: 486 daAuts
